 Dungeon Crawl Stone Soup version 0.30.0 (webtiles) character file.

Game seed: 4422345259286919276

49 NinjaNoafa the Slasher (level 3, -1/21 HPs)
             Began as a Tengu Reaver on May 6, 2023.
             Splashed by a jelly's acid (9 damage)
             ... on level 3 of the Dungeon.
             The game lasted 00:02:20 (1145 turns).

NinjaNoafa the Slasher (Tengu Reaver)               Turns: 1145, Time: 00:02:21

Health: -1/21      AC: -2    Str: 12    XL:     3   Next: 77%
Magic:  7/7        EV: 11    Int: 15    God:
Gold:   81         SH:  0    Dex: 12    Spells: 5/6 levels left

rFire   . . .        b - +0 falchion
rCold   . . .        (no shield)
rNeg    . . .        o - +0 leather armour
rPois   .            (helmet restricted)
rElec   .            (no cloak)
rCorr   .            c - +2 pair of gloves
SInv    .            (boots unavailable)
Will    .....        (no amulet)
Stlth   +            (no ring)
HPRegen 0.23/turn    (no ring)
MPRegen 0.10/turn

%: no passive effects
@: corroded
A: beak, talons 3
a: no special abilities


You were on level 3 of the Dungeon.
You visited 1 branch of the dungeon, and saw 3 of its levels.

You collected 81 gold pieces.

Inventory:

Hand Weapons
 a - a +0 short sword of venom
 b - a +0 falchion (weapon)
Armour
 c - a +2 pair of gloves (worn)
 o - a +0 leather armour (worn)
Jewellery
 n - a ring of fire
Scrolls
 d - a scroll of identify {unknown}
 f - a scroll of vulnerability {unknown}
 h - 3 scrolls of poison {unknown}
 i - a scroll of fog {unknown}
 j - a scroll of noise {unknown}
 k - a scroll of butterflies {unknown}
 l - a scroll of teleportation {unknown}
Potions
 e - a potion of cancellation {unknown}
 g - 2 potions of curing {unknown}
 m - a potion of ambrosia {unknown}


   Skills:
 - Level 2.0 Fighting
 + Level 0.0(2.5) Short Blades
 - Level 4.2 Long Blades
 - Level 2.1 Dodging
 - Level 2.0 Spellcasting
 - Level 4.0 Conjurations
 + Level 2.4 Necromancy


You had 5 spell levels left.
You knew the following spells:

 Your Spells              Type           Power      Damage    Failure   Level
a - Kiss of Death         Conj/Necr      44%        2d8       8%          1

Your spell library contained the following spells:

 Spells                   Type           Power      Damage    Failure   Level
 Momentum Strike          Conj/Tloc      14%        3d8       19%         2
 Hailstorm                Conj/Ice       7%         3d4       36%         3


Dungeon Overview and Level Annotations

Branches:
Dungeon (3/15) Zot: 16849

Altars:


Innate Abilities, Weirdness & Mutations

You have a beak for a mouth.
You have claws for feet.


Message History

No target in view!
No target in view!
Unknown command.
Found a club.
You see here a +0 club.
A sourceless malevolence fills the Dungeon...
You fall into a shaft and drop 1 floor!
The shaft crumbles and collapses.
Found a stone staircase leading down.
Unknown command.
Unknown command.
A jelly comes into view.
Your +0 short sword of venom stops dripping with poison.
b - a +0 falchion (weapon)
Press: ? - help, v - describe, . - travel The floor.
Press: ? - help, v - describe, . - travel
Here: a jelly The floor.
Unknown command.
Your +0 short sword of venom begins to drip with poison!
a - a +0 short sword of venom (weapon)
There is a stone staircase leading down here.
You hit the jelly but do no damage. The acid corrodes you!
Your hands burn!
You claw the jelly, but do no damage. You hit the jelly but do no damage.
The jelly is poisoned.
Your hands burn!
You claw the jelly, but do no damage. You peck the jelly, but do no damage.
The jelly barely misses you.
You hit the jelly but do no damage.
Your hands burn!
The jelly is lightly wounded.
The jelly hits you.
You are splashed with acid.
* * * LOW HITPOINT WARNING * * *
Unknown command.
Unknown command.
Your +0 short sword of venom stops dripping with poison.
b - a +0 falchion (weapon)
The jelly hits you.
* * * LOW HITPOINT WARNING * * *
The acid corrodes you!
You are splashed with acid!
You die...

#.
#.########
........
#....#
#....#
#....######
##...>....#
#....#J..#
####.##@.#
#.##..#
#.....#
###....
......
######..
... #.##


You could see a jelly (very poisoned).

Vanquished Creatures
  4 bats
  2 endoplasms
  2 giant cockroaches (D:1)
  5 goblins
  2 hobgoblins (D:1)
  6 jackals
  2 kobolds
  2 quokkas (D:1)
  7 ball pythons
  5 frilled lizards
  9 rats
46 creatures vanquished.

Notes
Turn   | Place    | Note
-------+----------+-------------------------------------------
     0 | D:1      | NinjaNoafa the Tengu Reaver began the quest for the Orb.
     0 | D:1      | Reached XP level 1. HP: 12/12 MP: 4/4
    69 | D:1      | Reached skill level 1 in Necromancy
    88 | D:1      | Reached XP level 2. HP: 15/17 MP: 6/6
   371 | D:1      | Reached XP level 3. HP: 19/21 MP: 7/7
  1132 | D:2      | You fall into a shaft and drop 1 floor!
  1145 | D:3      | Splashed by a jelly's acid

Illustrated notes

Levels and vault maps discovered:
D:1:      ncdulo_smallfort, layout_rooms, st_stairs_2, minmay_tromino_v4_b
D:2:      layout_loops_corners, shapermc_ecumenical_altar_notcrosses,
          minmay_rat_gold_closets
D:3:      layout_basic, uniq_jessica

Skill      XL: |  1  2  3 |
---------------+----------+-----
Necromancy     | 1 2 |  2.4
Long Blades    | 4 |  4.2
Fighting       | |  2.0
Dodging        | |  2.1
Spellcasting   | |  2.0
Conjurations   | |  4.0

Action                     || total
---------------------------++-------
  Melee: Falchion          ||    86
         Peck              ||    10
         Kick              ||    20
         Short sword       ||     9
   Stab: Sleeping          ||     2
 Armour: Leather armour    ||    24
  Dodge: Dodged            ||    66
